 Dungeon Sprint DCSS version 0.19-a0-867-g949743d (webtiles) character file.

0 HAL9000 the Ruffian (level 1, -8/16 HPs)
             Began as a Draconian Transmuter on July 3, 2016.
             Mangled by an ogre
             ... wielding a +0 giant spiked club
              (18 damage)
             ... in the Dungeon (Sprint V: "Ziggurat Sprint").
             The game lasted 00:01:55 (84 turns).

HAL9000 the Ruffian (Draconian Transmuter)            Turns: 84, Time: 00:01:56

Health: -8/16      AC:  4    Str: 18    XL:     1   Next: 0%
Magic:  3/3        EV: 12    Int: 19    God:
Gold:   0          SH:  0    Dex: 11    Spells: 1 memorised, 3 levels left

rFire  . . .     SeeInvis .       - Unarmed
rCold  . . .     Gourm    .     (armour unavailable)
rNeg   . . .     Faith    .     (no shield)
rPois  .         Spirit   .     (helmet restricted)
rElec  .         Dismiss  .     (no cloak)
rCorr  .         Reflect  .     (no gloves)
SustAt .         Harm     .     (no boots)
MR     .....     NoTele   +     (no amulet)
Stlth  +.........               A - +6 ring of intelligence
                                C - +6 ring of strength

@: not resistant to hostile enchantments, very unstealthy
A: unfitting armour, cold-blooded, AC +4
a: no special abilities


You were in the Dungeon.
You were not hungry.

You visited 1 branch

Inventory:

Missiles
 a - 1012 arrows
Armour
 I - a +3 buckler
 J - a +3 large shield
 K - a +3 shield
Jewellery
 y - a +6 ring of dexterity
 z - a +6 ring of dexterity
 A - a +6 ring of intelligence (right hand)
 B - a +6 ring of intelligence
 C - a +6 ring of strength (left hand)
 D - a +6 ring of strength
Wands
 E - a wand of disintegration (6/24)
 F - a wand of iceblast (5/15)
 G - a wand of lightning (4/15)
 H - a wand of acid (5/15)
Scrolls
 i - 4 scrolls of blinking
 p - 4 scrolls of amnesia
 q - 3 scrolls of recharging
 r - 7 scrolls of fog
 s - a scroll of holy word
 t - 5 scrolls of identify
 u - 5 scrolls of remove curse
 v - 2 scrolls of fear
Potions
 d - 10 potions of curing
 e - 10 potions of heal wounds
 f - 6 potions of haste
 g - 7 potions of magic
 h - 3 potions of berserk rage
 j - 2 potions of brilliance
 k - 2 potions of invisibility
 l - 4 potions of resistance
 m - a potion of experience
 n - 5 potions of agility
 o - 5 potions of might
Books
 b - a book of Changes

   Spells                             Type                      Level
   a - Beastly Appendage              Transmutation                1
   b - Sticks to Snakes               Transmutation                2
   c - Spider Form                    Transmutation/Poison         3
   d - Ice Form                       Ice/Transmutation            4
   e - Blade Hands                    Transmutation                5
Comestibles
 c - 5 bread rations
 w - 42 fruits
 x - 4 meat rations


   Skills:
 + Level 1.1 Fighting
 - Level 1.7 Dodging
 * Level 3.0 Unarmed Combat
 + Level 2.0 Spellcasting
 * Level 2.0 Transmutations


You had 3 spell levels left.
You knew the following spells:

 Your Spells              Type           Power        Failure   Level  Hunger
a - Beastly Appendage     Tmut           #.....       10%         1    #......


Dungeon Overview and Level Annotations

Branches:
Dungeon (1/1)

Altars:
Ashenzari
Cheibriados
Dithmenos
Elyvilon
Fedhas
Gozag
Hepliaklqana
Kikubaaqudgha
Makhleb
Nemelex Xobeh
Okawaru
Pakellas
Qazlal
Ru
Sif Muna
Trog
Uskayaw
Vehumet
Xom
Yredelemnul
Zin
The Shining One
Beogh
Jiyva
Lugonu


Innate Abilities, Weirdness & Mutations

Your plain brown scales are hard. (AC +4)
Your body does not fit into most forms of armour.
You are cold-blooded and may be slowed by cold attacks.


Message History

Press: ? - help, Shift-Dir - straight line, f - ogre
Aim: an ogre, wielding a giant spiked club (chance to defeat MR: 65%)
The ogre struggles to resist.
This wand has 6 charges left.
Evoke which item? (* to show all) (? for menu, Esc to quit)
Zapping:
G - a wand of lightning (5/15)
Press: ? - help, Shift-Dir - straight line, p - ogre You hear a mighty clap of thunder!
The bolt of lightning hits the ogre.
The ogre is lightly wounded.
This wand has 4 charges left.
The ogre closely misses you. x2
Evoke which item? (* to show all) (? for menu, Esc to quit)
Zapping:
F - a wand of iceblast (5/15)
Press: ? - help, Shift-Dir - straight line
Okay, then.
Evoke which item? (* to show all) (? for menu, Esc to quit)
That item cannot be evoked!
The ogre hits you with a giant club.
The ogre hits you with a giant spiked club!!
Ouch! That really hurt!
You die...

▓▓▓▓▓▓▓
▓.8©8.▓
▓.....▓
▓.).|@▓
▓...O.▓
▓...O.▓
▓.....▓
▓▓▓▓▓▓▓


You could see 2 ogres.

Vanquished Creatures (others)
  A spatial maelstrom (D)
1 creature vanquished.

Notes
Turn   | Place    | Note
-------+----------+-------------------------------------------
     0 | D        | HAL9000 the Draconian Transmuter began the quest for the Orb.
     0 | D        | Reached XP level 1. HP: 16/16 MP: 3/3
     0 | D        | Found a blossoming altar of Fedhas.
     0 | D        | Found a viscous altar of Jiyva.
     0 | D        | Found a snail-covered altar of Cheibriados.
     0 | D        | Found a roughly hewn altar of Beogh.
     0 | D        | Found a corrupted altar of Lugonu.
     0 | D        | Found a white marble altar of Elyvilon.
     0 | D        | Found a shimmering altar of Xom.
     2 | D        | Found a deep blue altar of Sif Muna.
     2 | D        | Found a burning altar of Makhleb.
     2 | D        | Found a bloodstained altar of Trog.
     2 | D        | Found an iron altar of Okawaru.
     2 | D        | Found a sparkling altar of Nemelex Xobeh.
     2 | D        | Found a radiant altar of Vehumet.
    12 | D        | Banished a spatial maelstrom
    78 | D        | Entered arena 1.
    78 | D        | Noticed an ogre
    78 | D        | Noticed an ogre
    84 | D        | Mangled by an ogre

Vault maps used:
D:        sprint_v

Action                   || total
-------------------------++-------
Evoke: Wand              ||     2
Dodge: Dodged            ||     2
